Map: Cradle of Death

Players

Alebay

  • Race: Protoss Protoss
  • Spawn Location: 0:00

MattBarry

  • Race: Zerg Zerg
  • League: Silver

VOD

Have the link to the VOD?

Description

Time

  • Played on: Jan. 20, 2023, 5 a.m.
  • Length: 25:29
Show
View Real Time Build Order
Export as new Build Order

Alebay Protoss 

Build Orders:  

Get SALT Encoding   

  12  0:02  Probe (Chrono Boost)  
  13  0:13  Unknown  
  13  0:16  Probe (Chrono Boost)  
  14  0:25  Pylon  
  14  0:30  Probe (Chrono Boost)  
  15  0:50  Probe (Chrono Boost)  
  15  0:58  Gateway  
  16  1:01  Forge  
  16  1:03  Probe (Chrono Boost)  
  17  1:16  Probe (Chrono Boost)  
  18  1:27  Gateway  
  18  1:31  Probe (Chrono Boost)  
  18  1:32  Cybernetics Core  
  18  1:36  Assimilator  
  19  1:44  Probe (Chrono Boost)  
  20  1:50  Pylon  
  20  1:57  Probe (Chrono Boost)  
  21  2:11  Probe (Chrono Boost)  
  21  2:12  Legionnaire  
  25  2:26  Probe (Chrono Boost)  
  25  2:27  Assimilator  
  26  2:37  Legionnaire  
  30  3:00  Probe (Chrono Boost)  
  30  3:07  Warp Gate  
  30  3:08  Pylon  
  30  3:17  Probe (Chrono Boost)  
  30  3:19  Kaldalis' A.I. Personality  
  31  3:33  Legionnaire  
  31  3:35  Pylon  
  31  3:37  Probe (Chrono Boost)  
  35  3:46  Purifier Armaments  
  35  3:59  Pylon  
  35  4:33  Adept x2  
  39  4:47  Protoss Ground Weapons Level 1  
  39  4:54  Pylon  
  39  4:57  Pylon  
  39  4:58  Twilight Council  
  39  5:00  Talis' A.I. Personality  
  39  5:29  Adept  
  41  5:30  Legionnaire  
  44  6:33  Adept x2  
  45  7:14  Adept x2  
  49  7:21  Gateway  
  49  7:24  Gateway  
  49  7:26  Gateway  
  49  7:31  Pylon  
  49  7:34  Pylon  
  49  7:38  Pylon  
  49  7:42  Protoss Ground Weapons Level 2  
  49  7:45  Psionic Projection, Probe (Chrono Boost)  
  50  8:19  Unknown  
  50  8:25  Probe (Chrono Boost)  
  51  8:31  Charge  
  51  8:34  Legionnaire x2  
  51  8:35  Nexus  
  57  8:58  Adept x4  
  66  9:23  Probe (Chrono Boost)  
  66  9:38  Legionnaire x2  
  66  9:39  Legionnaire  
  64  9:40  Probe (Chrono Boost)  
  64  9:44  Empowered Blades  
  64  9:57  Probe (Chrono Boost)  
  62  10:16  Probe (Chrono Boost)  
  62  10:33  Probe (Chrono Boost)  
  62  10:38  Observation Protocol, Probe (Chrono Boost)  
  63  10:44  Debilitation System  
  63  10:46  Assimilator  
  63  10:49  Assimilator  
  66  10:50  Probe (Chrono Boost)  
  64  10:51  Probe (Chrono Boost)  
  65  11:02  Protoss Ground Armor Level 1  
  65  11:04  Probe (Chrono Boost)  
  65  11:06  Adept, Probe (Chrono Boost)  
  65  11:07  Adept x3  
  75  11:27  Probe (Chrono Boost)  
  77  11:31  Probe (Chrono Boost)  
  77  11:40  Probe (Chrono Boost)  
  77  11:46  Legionnaire x3  
  77  11:48  Probe (Chrono Boost)  
  88  11:59  Probe (Chrono Boost)  
  89  12:05  Probe (Chrono Boost)  
  90  12:12  Probe (Chrono Boost)  
  92  12:22  Probe (Chrono Boost)  
  92  12:25  Probe (Chrono Boost)  
  93  12:32  Pylon  
  93  12:34  Pylon  
  93  12:37  Unknown, Pylon  
  93  12:53  Robotics Facility  
  93  12:56  Robotics Facility  
  93  12:57  Robotics Facility  
  93  12:59  Robotics Bay  
  93  13:06  Probe (Chrono Boost)  
  95  13:10  Probe (Chrono Boost)  
  95  13:19  Probe (Chrono Boost)  
  96  13:22  Protoss Shields Level 1  
  96  13:27  Probe (Chrono Boost)  
  97  13:31  Adept x3  
  97  13:32  Adept x2  
  107  13:55  Adept  
  107  13:56  Adept x4  
  109  14:15  Extended Thermal Lance  
  97  14:39  Immortal x3  
  109  14:45  Legionnaire x2  
  109  14:46  Legionnaire  
  118  15:12  Protoss Ground Weapons Level 3  
  118  15:25  Adept  
  118  15:26  Adept x4  
  128  15:31  Gravitic Boosters  
  128  15:32  Taldarin's A.I. Personality  
  128  15:34  Colossus  
  114  16:09  Adept x5  
  114  16:32  Warbringer's A.I. Personality  
  114  16:36  Legionnaire x4  
  114  16:37  Legionnaire  
  120  16:42  Immortal  
  79  17:18  Adept  
  79  17:19  Legionnaire x3  
  90  17:20  Legionnaire  
  85  17:48  Legionnaire x4  
  85  17:49  Legionnaire  
  94  17:55  Unknown  
  84  18:29  Legionnaire x4  
  91  18:30  Legionnaire  
  94  18:54  Adept x4  
  94  18:55  Adept  
  101  19:04  Probe x2 (Chrono Boost)  
  101  19:21  Probe x2 (Chrono Boost)  
  101  19:26  Adept x5  
  108  20:15  Adept x4  
  108  20:16  Adept  
  108  20:19  Immortal  
  122  20:20  Immortal  
  106  21:10  Legionnaire x2  
  106  21:11  Legionnaire x3  
  106  21:14  Colossus  
  122  21:39  Legionnaire x2, Adept  
  128  21:40  Adept x2  
  132  22:07  Immortal  
  130  22:19  Pylon  
  126  22:22  Pylon  
  126  22:26  Adept x3, Pylon  
  126  22:29  Immortal, Pylon  
  124  22:32  Pylon  
  118  23:08  Legionnaire x3  
  118  23:09  Adept x2  
  131  23:13  Immortal  
  135  23:26  Pylon  
  135  23:28  Pylon  
  135  23:30  Pylon  
  130  24:28  Adept x3  
  130  24:29  Adept x2  
  152  25:04  Legionnaire  
  152  25:05  Legionnaire x3  
Show
View Real Time Build Order
Export as new Build Order

MattBarry Zerg 

Build Orders:  

Get SALT Encoding   

  18  0:03  Primal Drone  
  19  0:11  Unknown  
  19  0:12  Primal Drone  
  20  0:23  Primal Drone  
  20  0:27  Primal Drone  
  22  0:53  Primal Drone, Primal Warden  
  22  0:59  Extractor  
  24  1:18  Primal Drone  
  24  1:19  Primal Drone  
  26  1:23  Extractor  
  26  1:28  Primal Drone  
  27  1:55  Primal Drone  
  27  1:56  Primal Drone  
  29  2:25  Primal Drone  
  30  2:35  Glevig's Den, Primal Drone  
  30  2:41  Primal Drone  
  31  2:58  Primal Drone  
  32  3:07  Primal Warden  
  32  3:09  Primal Attacks Level 1  
  33  3:38  Primal Drone x2  
  35  4:01  Primal Drone  
  35  4:04  Primal Drone  
  37  4:19  Primal Drone  
  38  4:22  Murvar's Den  
  37  4:36  Primal Hive  
  37  4:38  Primal Warden  
  43  4:43  Primal Drone  
  44  5:06  Primal Drone  
  45  5:36  Primal Roach x2  
  45  5:37  Primal Roach x3  
  45  5:38  Primal Roach x4  
  63  5:44  Primal Drone  
  63  5:45  Primal Drone  
  65  5:50  Primal Drone  
  64  7:55  Primal Drone  
  64  7:56  Primal Drone x3  
  68  8:22  Unknown, Primal Drone  
  68  8:23  Primal Drone  
  70  8:32  Primal Hive  
  70  8:33  Extractor  
  70  8:34  Extractor  
  70  8:37  Primal Drone x4  
  70  8:38  Primal Drone  
  75  8:41  Primal Attacks Level 2  
  75  8:43  Primal Carapace Level 1  
  75  8:50  Dakrun's Den  
  74  9:11  Primal Drone  
  74  9:12  Primal Drone x4  
  78  10:01  Primal Warden  
  78  10:02  Primal Warden  
  78  10:08  Primal Drone x2  
  78  10:09  Primal Drone x5  
  85  11:18  Primal Ultralisk  
  85  11:19  Primal Ultralisk x7  
  133  11:55  Primal Ultralisk  
  139  12:02  Primal Warden  
  139  12:03  Primal Warden  
  139  12:04  Primal Warden  
  139  12:12  Primal Warden  
  127  12:34  Unknown  
  127  12:42  Tyrant's Protection  
  127  12:51  Primal Drone x2  
  129  13:41  Barrage of Spikes  
  129  13:45  Primal Ultralisk x2  
  132  14:12  Primal Ultralisk  
  127  14:41  Healing Adaptation  
  127  14:51  Primal Ultralisk x2  
  134  15:41  Impaling Strike  
  134  15:46  Primal Ultralisk  
  134  15:47  Primal Ultralisk  
  146  16:11  Primal Ultralisk  
  152  16:20  Unknown  
  152  16:32  Primal Ultralisk  
  152  17:37  Primal Ultralisk  
  152  17:38  Primal Ultralisk  
  164  17:56  Primal Ultralisk  
  164  17:57  Unknown  
  170  18:11  Primal Drone x2  
  170  18:13  Primal Drone  
  170  18:18  Primal Attacks Level 3  
  159  19:04  Primal Ultralisk  
  155  19:37  Primal Ultralisk  
  161  20:12  Primal Ultralisk  
  167  20:49  Primal Ultralisk  
  173  21:28  Primal Ultralisk  
  173  22:05  Primal Ultralisk  
  168  23:13  Primal Ultralisk x2  
Tags
 
Commander
DehakaFenix
League
Silver
Matchup
Co-op
Replay Pack
Multiplayer
Add a new tag
Caveats
  • Supply blocks, unpowered buildings, or Contaminate may cause inaccurate times.
  • Supply counts are checked every 10 seconds.